 Dungeon Crawl Stone Soup version 0.31-b1-18-g61460d1e46 (webtiles) character file.

Game seed: 8112763827414210248

84 CrabNicholson the Insei (level 4, -1/37 HPs)
             Began as a Tengu Shapeshifter on Jan 16, 2024.
             Slain by a gnoll
             ... wielding a +0 flail
              (2 damage)
             ... on level 2 of the Dungeon.
             The game lasted 00:15:08 (1177 turns).

CrabNicholson the Insei (Tengu Shapeshifter)        Turns: 1177, Time: 00:15:09

Health: -1/37      AC: 22    Str: 14    XL:     4   Next: 46%
Magic:  5/5        EV:  2    Int: 12    God:
Gold:   88         SH:  0    Dex: 14    Spells: 3/3 levels left

rFire   . .          .
                       - Unarmed
rCold   . . .        i - orb {light}
rNeg    . . .        e - melded +0 scale mail of Repulsion {Str+3}
rPois   +            (helmet currently unavailable)
rElec   .            (cloak currently unavailable)
rCorr   .            (gloves currently unavailable)
SInv    .            (boots unavailable)
Will    .....        g - amulet of magic regeneration
Stlth   +            (no ring)
HPRegen 0.26/turn    (no ring)
MPRegen 0.49/turn

%: acrobat
@: tree-form, glowing
A: stationary, stasis, torment immunity, boosted hp, (beak), (talons 3),
acrobatic
a: no special abilities


You were on level 2 of the Dungeon.
You were a tree.
You visited 1 branch of the dungeon, and saw 2 of its levels.

You collected 88 gold pieces.

Inventory:

Hand Weapons
 f - a +0 dagger
Missiles
 h - 13 stones (quivered)
Armour
 a - a +0 animal skin
 e - the +0 scale mail of Repulsion (melded) {Str+3}
   (You found it on level 2 of the Dungeon)

   Str+3:     It affects your strength (+3).
 i - an orb of light (worn)
 k - a +0 pair of boots
Jewellery
 g - an amulet of magic regeneration (around neck)
Talismans
 c - a beast talisman
 d - a flux talisman
Potions
 j - a potion of resistance


   Skills:
 + Level 1.0 Fighting
 + Level 0.5 Armour
 + Level 2.7 Dodging
 + Level 4.4 Unarmed Combat
 + Level 3.4 Shapeshifting


You had 3 spell levels left.
You didn't know any spells.
Your spell library contained the following spells:

 Spells                   Type           Power      Damage    Failure   Level
 Ensorcelled Hibernation  Hex/Ice        0%         N/A       45%         2
 Dazzling Flash           Conj/Hex       0%         N/A       69%         3
 Fugue of the Fallen      Necr           0%         N/A       69%         3
 Volatile Blastmotes      Fire/Tloc      0%         2d10      69%         3
 Anguish                  Hex/Necr       0%         N/A       97%         4
 Starburst                Conj/Fire      0%         6d3       100%        6
 Maxwell's Capacitive Co  Air            0%         ∞         100%        8


Dungeon Overview and Level Annotations

Branches:
Dungeon (2/15)

Altars:

Annotations:
D:2 Robin


Innate Abilities, Weirdness & Mutations

You are a tree.
Your roots penetrate the ground, keeping you stationary.
You cannot be teleported.
You are immune to unholy pain and torment.
Your maximum health is greatly increased.
Your equipment is partially melded.
((You have a beak for a mouth.))
((You have claws for feet.))
You can magically evade attacks while moving or waiting.


Message History

A kobold and 3 gnolls come into view.
The kobold shouts!
The gnoll shouts! x3
You are illuminated by a small divine halo.
You are acrobatic and have increased evasion.
You are glowing.
Your life force is drained.
Your movement speed is average.
Your attack delay is about 0.9.
Your damage rating with unarmed combat is about 8 (Base [3 + 4 (UC)] x 117% (Str) x 101% (Fight)).
Your base attributes are Str 14, Int 12, Dex 14.
The gnoll completely misses you.
You punch the gnoll! You claw the gnoll!
You kill the gnoll!
The gnoll hits you but does no damage.
You hit the gnoll but do no damage. The gnoll hits you but does no damage.
The gnoll hits you with a +0 flail.
You hit the hobgoblin.
You claw the hobgoblin, but do no damage.
The hobgoblin is almost dead.
The gnoll barely misses you. The gnoll misses you.
The hobgoblin barely misses you.
You hit the hobgoblin.
You kill the hobgoblin!
The gnoll hits you with a +0 flail. The gnoll closely misses you.
Your life force feels restored.
You hit the gnoll. You claw the gnoll.
The gnoll is severely wounded.
The gnoll hits you with a +0 flail.
* * * LOW HITPOINT WARNING * * *
The gnoll hits you from afar with a +0 spear.
* * * LOW HITPOINT WARNING * * *
Okay, then.
You aren't carrying any scrolls.
You turn into a tree.
The +0 scale mail of Repulsion {Str+3} melds into your body.
Your roots penetrate the ground.
The gnoll hits you but does no damage.
The gnoll hits you from afar with a +0 spear.
* * * LOW HITPOINT WARNING * * *
You hit the gnoll.
The gnoll is almost dead.
The gnoll hits you but does no damage. The gnoll hits you with a +0 flail.
You die...

#.## ....### ..# ..... ###
.... #.. ..#.#..########
.............># ###
....#.#.##.##.## #....#.# #
#.##..†..#### #.##....
#♣#####.....# #...... #
##g#####.###.### ## #.##..#.#
.gKg...........#
.###.##..#.##...(.###......#.#
.....##...........# #.###..# #
.###.##..#.##.....# #.# ..# ##
#.......##.....# #.###.##
####.########### #.....##.#
#.# ###......#


You could see 3 gnolls and a kobold.

Vanquished Creatures
  A gnoll (D:2)
  An adder (D:2)
  6 endoplasms
  2 giant cockroaches
  7 goblins
  10 hobgoblins
  8 jackals (D:1)
  A quokka (D:2)
  4 ball pythons
  7 bats
  4 frilled lizards
  3 kobolds (D:1)
  4 rats (D:1)
58 creatures vanquished.

Notes
Turn   | Place    | Note
-------+----------+-------------------------------------------
     0 | D:1      | CrabNicholson the Tengu Shapeshifter began the quest for
                  | the Orb.
     0 | D:1      | Reached XP level 1. HP: 12/12 MP: 2/2
   228 | D:2      | Noticed Robin
   233 | D:1      | Reached XP level 2. HP: 14/16 MP: 3/3
   361 | D:1      | Reached XP level 3. HP: 15/20 MP: 4/4
   362 | D:1      | Reached skill level 4 in Unarmed Combat
   882 | D:2      | Identified the +0 scale mail of Repulsion {Str+3}
  1016 | D:2      | Found a faded altar of an unknown god.
  1049 | D:2      | Reached XP level 4. HP: 21/21 MP: 5/5
  1176 | D:2      | HP: 1/37 [gnoll/+0 spear (5)]
  1177 | D:2      | Slain by a gnoll

Illustrated notes

Levels and vault maps discovered:
D:1:      dpeg_arrival_tiny_f, layout_rooms
D:2:      layout_loops_cross, ebering_ecumenical_altar_box, uniq_robin

Skill      XL: |  1  2  3 |
---------------+----------+-----
Shapeshifting  | 3 |  3.4
Unarmed Combat | 4 |  4.4
Fighting       | |  1.0
Armour         | |  0.5
Dodging        | |  2.7

Action                     |  1- 3 |  4- 6 || total
---------------------------+-------+-------++-------
  Melee: Unarmed           |    92 |    17 ||   109
         Kick              |    25 |     7 ||    32
         Peck              |    11 |     2 ||    13
    Use: Scroll            |     3 |       ||     3
         Potion            |     2 |     1 ||     3
 Armour: Animal skin       |    25 |       ||    25
         Chain mail        |     9 |       ||     9
         Scale mail        |     7 |    10 ||    17
         Skin              |       |     5 ||     5
  Dodge: Dodged            |    75 |    10 ||    85
   Form: Beast             |     1 |       ||     1
                           |       |     2 ||     2
         Flux              |       |     1 ||     1
